 Dungeon Crawl Stone Soup version 0.26-a0-660-gc07710193c (webtiles) character file.

Game seed: 18151218162277361398

3510 heikuro the Spear-Bearer (level 10, -8/79 HPs)
             Began as a Formicid Abyssal Knight on Oct 7, 2020.
             Was a Priest of Lugonu.
             Mangled by an orc wizard
             ... wielding a +1 dagger of electrocution
              (20 damage)
             ... on level 8 of the Dungeon.
             The game lasted 00:31:48 (11193 turns).

heikuro the Spear-Bearer (Formicid Abyssal Knight) Turns: 11193, Time: 00:31:49

Health: -8/79      AC: 14    Str: 20    XL:     10   Next: 28%
Magic:  15/15      EV:  6    Int: 12    God:    Lugonu [***...]
Gold:   443        SH:  4    Dex: 10    Spells: 9/9 levels left

rFire    . . .     SeeInvis +   a - +1 spear
rCold    . . .     Faith    .   u - +0 buckler
rNeg     . . .     Spirit   .   M - +0 plate armour
rPois    .         Reflect  .   (helmet unavailable)
rElec    .         Harm     .   (no cloak)
rCorr    .         Rampage  .   (no gloves)
MR       +....                  p - +0 pair of boots
Stlth    ..........             F - amulet of regeneration
HPRegen  0.63/turn              (no ring)
MPRegen  0.14/turn              (no ring)

@: no status effects
A: permanent stasis, dig shafts and tunnels, four strong arms, antennae 3
a: Dig, Shaft Self, Depart the Abyss, Bend Space, Banish, Renounce Religion


You were on level 8 of the Dungeon.
You worshipped Lugonu.
Lugonu was most pleased with you.
You visited 1 branch of the dungeon, and saw 8 of its levels.
You visited the Abyss 1 time.

You collected 443 gold pieces.

Inventory:

Hand Weapons
 a - a +1 spear (weapon)
 b - a +0 vorpal hunting sling
Missiles
 l - 2 throwing nets
 n - 3 javelins
 x - 44 sling bullets
 D - 27 poisoned darts (quivered)
Armour
 p - a +0 pair of boots (worn)
 u - a +0 buckler (worn)
 M - a +0 plate armour (worn)
Jewellery
 g - an uncursed ring of resist corrosion {unknown}
 o - an uncursed ring of protection from fire {unknown}
 y - an uncursed ring of resist corrosion {unknown}
 A - an uncursed ring of stealth {unknown}
 C - an uncursed amulet of reflection {unknown}
 F - an amulet of regeneration (around neck)
 H - an uncursed amulet of magic regeneration {unknown}
 L - a +4 ring of protection {unknown}
Wands
 t - a wand of random effects (46)
 G - a wand of enslavement (10)
 J - a wand of acid (13)
 K - a wand of disintegration (17)
 N - a wand of polymorph (4)
 P - a wand of digging (7)
Scrolls
 d - 4 scrolls of blinking {unknown}
 e - 3 scrolls of magic mapping
 f - 5 scrolls of remove curse {unknown}
 k - 3 scrolls of immolation {unknown}
 q - 2 scrolls of noise {unknown}
 s - 2 scrolls of amnesia {unknown}
 B - 2 scrolls of fog {unknown}
 E - 2 scrolls of enchant weapon {unknown}
 I - a scroll of fear {unknown}
 O - 2 scrolls of enchant armour {unknown}
Potions
 c - 2 potions of flight
 h - a potion of magic
 i - 2 potions of stabbing
 j - a potion of mutation {unknown}
 m - 9 potions of curing
 r - 2 potions of lignification
 v - a potion of haste {unknown}
 w - a potion of ambrosia {unknown}
 z - a potion of heal wounds {unknown}


   Skills:
 + Level 7.0 Fighting
 * Level 8.3 Polearms
 + Level 5.8 Slings
 + Level 6.6 Armour
 - Level 1.0 Dodging
 - Level 2.4 Shields
 + Level 7.0 Invocations


You had 9 spell levels left.
You didn't know any spells.
Your spell library contained the following spells:

 Spells                   Type           Power        Failure   Level
 Beastly Appendage        Tmut           #.....       100%        1
 Wereblood                Tmut           #.......     100%        2
 Spider Form              Tmut/Pois      #.........   100%        3
 Ice Form                 Ice/Tmut       #.......     100%        4
 Blade Hands              Tmut           #.........   100%        5


Dungeon Overview and Level Annotations

Branches:
Dungeon (8/15)             Temple (0/1) D:4            Lair (0/6) D:8

Altars:
Ashenzari
Cheibriados
Dithmenos
Gozag
Okawaru
Ru
Sif Muna
Wu Jian
Xom
Yredelemnul


Innate Abilities, Weirdness & Mutations

You cannot be hasted, slowed, berserked, paralysed or teleported.
You can dig through walls and to a lower floor.
Your four strong arms can wield two-handed weapons with a shield.
You have a pair of large antennae on your head. (SInv)


Message History

The orc priest is severely wounded.
The orc wizard hits you but does no damage.
You are electrocuted!
You hit the orc priest.
The orc priest is almost dead.
The orc wizard hits you but does no damage.
You are electrocuted!
The orc priest hits you with a +0 short sword.
You hit the orc priest.
You kill the orc priest!
Lugonu accepts your kill. You block the orc wizard's attack.
You barely miss the orc wizard.
The orc wizard hits you but does no damage.
You are electrocuted!!
* * * LOW HITPOINT WARNING * * *
You hit the orc wizard but do no damage.
The orc wizard hits you but does no damage.
You are electrocuted!!
You die...

###### #....#######
############## #.##........
..............
#.##.###############.......
#.##>....o@)...............
#.##################.......
#.########## #.......
#.#........# #.......
#.#........# #.......
#.#........# #######.
#######'#........# .
.................#
.................#


You could see an orc wizard (fast).

Vanquished Creatures
  Prince Ribbit (D:7)
  3 wyverns
  Eustachio (D:5)
  2 basilisks (D:8)
  A black bear (D:8)
  3 water moccasins
  2 ice beasts
  2 sky beasts
  A phantom (D:6)
  A wolf (D:8)
  A centaur (D:5)
  5 ogres
  2 big kobolds
  A bullfrog (D:6)
  A scorpion (D:4)
  A howler monkey (D:7)
  3 jellies
  An orc wizard (D:8)
  An orc priest (D:8)
  6 iguanas
  5 worker ants
  A hound zombie (D:8)
  2 hound skeletons (D:5)
  A mummy (D:5)
  A howler monkey zombie (D:6)
  3 gnolls
  A howler monkey skeleton (D:7)
  7 adders
  A shadow imp (D:8)
  2 white imps
  An ooze (D:3)
  An adder zombie (D:5)
  4 worms
  2 dart slugs (D:2)
  6 leopard geckos
  10 orcs
  5 ball pythons
  9 giant cockroaches
  9 goblins
  6 hobgoblins
  8 jackals
  15 kobolds
  6 quokkas
  4 bats
  3 frilled lizards
  A jackal skeleton (D:5)
  2 leopard gecko skeletons (D:4)
  11 rats
166 creatures vanquished.

Vanquished Creatures (others)
  2 fungi (D:8)
  16 plants (D:8)
18 creatures vanquished.

Grand Total: 184 creatures vanquished

Notes
Turn   | Place    | Note
-------+----------+-------------------------------------------
     0 | Abyss:1  | heikuro the Formicid Abyssal Knight began the quest for the
                  | Orb.
     0 | Abyss:1  | Reached XP level 1. HP: 18/18 MP: 2/2
    54 | Abyss:1  | Noticed a thrashing horror
    55 | D:1      | Escaped the Abyss
   102 | D:1      | Reached skill level 1 in Dodging
   148 | D:1      | Reached XP level 2. HP: 24/24 MP: 3/3
   323 | D:1      | Reached * piety under Lugonu
   513 | D:1      | Reached XP level 3. HP: 29/29 MP: 4/4
  1430 | D:2      | Reached XP level 4. HP: 24/37 MP: 6/6
  1661 | D:2      | Found an opulent altar of Gozag.
  1690 | D:2      | Reached skill level 3 in Polearms
  1947 | D:2      | Found a basalt altar of Yredelemnul.
  1973 | D:2      | You fall into a shaft and drop 2 floors!
  2050 | D:4      | Found an iron altar of Okawaru.
  2091 | D:3      | Reached XP level 5. HP: 25/42 MP: 7/7
  2298 | D:3      | Found a broken altar of Ashenzari.
  2457 | D:2      | Reached ** piety under Lugonu
  2457 | D:2      | Reached skill level 1 in Shields
  3783 | D:4      | Reached skill level 1 in Slings
  3909 | D:4      | Reached XP level 6. HP: 48/48 MP: 8/8
  4429 | D:4      | Noticed an ogre
  4457 | D:4      | Killed an ogre
  4457 | D:4      | Reached skill level 4 in Polearms
  4540 | D:4      | Found a staircase to the Ecumenical Temple.
  4541 | D:4      | Noticed an ogre
  4882 | D:4      | Killed an ogre
  4882 | D:4      | Reached XP level 7. HP: 12/55 MP: 9/9
  5940 | D:5      | Entered Level 5 of the Dungeon
  6990 | D:5      | Found a shadowy altar of Dithmenos.
  6994 | D:5      | Noticed Eustachio
  7058 | D:5      | Reached skill level 5 in Polearms
  7058 | D:5      | Reached XP level 8. HP: 52/61 MP: 11/11
  7088 | D:5      | Killed Eustachio
  7088 | D:5      | Reached skill level 5 in Fighting
  7611 | D:5      | Found a snail-covered altar of Cheibriados.
  8059 | D:6      | Reached skill level 5 in Invocations
  8248 | D:6      | Reached skill level 6 in Polearms
  8338 | D:6      | Found a shimmering altar of Xom.
  8410 | D:6      | Reached skill level 5 in Armour
  8410 | D:6      | Reached XP level 9. HP: 68/68 MP: 11/13
  8453 | D:6      | Found a sacrificial altar of Ru.
  8453 | D:6      | Found a shimmering blue altar of Sif Muna.
  9005 | D:7      | Noticed Prince Ribbit
  9311 | D:7      | Reached *** piety under Lugonu
  9389 | D:7      | Killed Prince Ribbit
  9653 | D:7      | Reached skill level 7 in Polearms
 10107 | D:8      | Found an ornate altar of the Wu Jian Council.
 10423 | D:7      | Reached skill level 5 in Slings
 10620 | D:8      | Reached XP level 10. HP: 53/77 MP: 14/14
 10750 | D:7      | Reached skill level 8 in Polearms
 10880 | D:8      | Found a staircase to the Lair.
 11193 | D:8      | Mangled by an orc wizard

Illustrated notes

Levels and vault maps discovered:
D:1:      wander_arrival_peaceful_grave, layout_rooms, serial_rivers,
          chequers_serial_rivers_room_a, chequers_serial_rivers_marsh,
          chequers_serial_rivers_small_b, chequers_serial_rivers_room_a,
          chequers_serial_rivers_micro_a, chequers_serial_rivers_room_b,
          minivault_4, minmay_misc_feat_pillars
D:2:      layout_loops_cross, grunt_gozag_statues, yredelemnul_altar_generic
D:3:      layout_basic, nicolae_ashenzari_panopticon
D:4:      layout_basic, okawaru_ov_weapons_minmay,
          minmay_temple_entry_junction_2
D:5:      layout_basic, slow_altar_1, nicolae_dithmenos_the_darkroom,
          uniq_eustachio
D:6:      layout_gridville, nicolae_overflow_hidden_temple,
          chequers_temple_overflow_statue_of_worship
D:7:      layout_basic, uniq_prince_ribbit1
D:8:      layout_basic, old_standard_altar, minmay_lair_entry_grove,
          grunt_ministairs_2, uniq_erica

Skill      XL: |  1  2  3  4  5  6  7  8  9 10 |
---------------+-------------------------------+-----
Dodging        | 1 |  1.0
Polearms       | 3 4 5 6 7 8 |  8.3
Invocations    | 3 4 5 6 7 |  7.0
Armour         | 3 4 5 6 |  6.6
Shields        | 1 2 |  2.4
Fighting       | 4 5 6 7 |  7.0
Slings         | 1 2 3 5 |  5.8

Action                   |  1- 3 |  4- 6 |  7- 9 | 10-12 || total
-------------------------+-------+-------+-------+-------++-------
Melee: Spear             |   116 |   228 |   675 |   141 ||  1160
 Fire: Hunting sling     |       |       |    57 |     1 ||    58
Throw: Stone             |     3 |       |       |       ||     3
       Dart              |       |    25 |    12 |       ||    37
Invok: Depart the Abyss  |     1 |       |       |       ||     1
       Bend Space        |       |    11 |    20 |     1 ||    32
 Abil: Dig               |     1 |       |     3 |       ||     4
  Use: Scroll            |       |     4 |     4 |       ||     8
 Stab: Petrified         |       |       |       |     9 ||     9
Armor: Leather armour    |    10 |       |       |       ||    10
       Ring mail         |    11 |    57 |    55 |       ||   123
       Plate armour      |       |       |    82 |    55 ||   137
       Scale mail        |       |       |    26 |       ||    26
Dodge: Dodged            |    43 |    64 |   203 |    23 ||   333
Block: Buckler           |       |    18 |    76 |    18 ||   112

Table legend: (Time is in decaauts)
 A = Elapsed time spent in this place.
 B = Non-inter-level travel time spent in this place.
 C = Inter-level travel time spent in this place.
 D = Time resting spent in this place.
 E = Time spent auto-exploring this place.
 F = Levels seen in this place.
 G = Mean time per level.
                   A        B        C        D        E       F      G
               +--------+--------+--------+--------+--------+-----+--------+
         Total |  11010 |  10673 |    337 |   3268 |   3903 |   9 | 1223.3 |
       Dungeon |  10955 |  10618 |    337 |   3268 |   3903 |   8 | 1369.4 |
         Abyss |     55 |     55 |      0 |      0 |      0 |   1 |   55.0 |
               +--------+--------+--------+--------+--------+-----+--------+

Top non-repeatable levels by time:
     D:4: 2418 daAuts
     D:3: 1979 daAuts
     D:7: 1292 daAuts
     D:1: 1184 daAuts
     D:2: 1163 daAuts
     D:5: 1135 daAuts
     D:6: 1009 daAuts
     D:8: 773 daAuts
 Abyss:1: 55 daAuts
